 Dungeon Crawl Stone Soup version 0.30.0-20-g3615ddf2f0 (webtiles) character file.

Game seed: 13188002653840227453

151 qw the Chopper (level 5, -1/32 HPs)
             Began as a Gargoyle Fighter on May 27, 2023.
             Slain by Sigmund
             ... wielding a +0 scythe
              (6 damage)
             ... on level 2 of the Dungeon.
             The game lasted 00:00:48 (1154 turns).

qw the Chopper (Gargoyle Fighter)                   Turns: 1154, Time: 00:00:49

Health: -1/32      AC: 10    Str: 22    XL:     5   Next: 33%
Magic:  5/5        EV:  9    Int:  8    God:
Gold:   99         SH:  0    Dex:  9    Spells: 4/4 levels left

rFire   . . .        Y - +0 war axe
rCold   . . .        c - +0 buckler
rNeg    + . .        b - +0 scale mail
rPois   inf          (no helmet)
rElec   +            (no cloak)
rCorr   .            (no gloves)
SInv    .            (no boots)
Will    .....        (no amulet) Stlth
                     (no ring)
HPRegen 0.25/turn    (no ring)
MPRegen 0.09/turn

%: no passive effects
@: confused
A: sickness immunity, AC +4, negative energy resistance 1, electricity
resistance, torment resistance 1, petrification resistance
a: no special abilities


You were on level 2 of the Dungeon.
You visited 1 branch of the dungeon, and saw 2 of its levels.

You collected 99 gold pieces.


Innate Abilities, Weirdness & Mutations

You are immune to sickness and miasma.
Your stone body is resilient. (AC +4)
You are immune to poison.
You resist negative energy. (rN+)
You are resistant to electric shocks. (rElec)
You are resistant to unholy torment.
You are immune to petrification.


   Skills:
 - Level 3.2 Fighting
 + Level 4.9 Axes
 - Level 3.2 Armour
 - Level 3.2 Shields


You had 4 spell levels left.
You didn't know any spells.
Your spell library was empty.

Inventory:

Hand Weapons
 h - a +4 flail
 Y - a +0 war axe (weapon)
Missiles
 m - 5 boomerangs (quivered)
Armour
 b - a +0 scale mail (worn)
 c - a +0 buckler (worn)
 e - a +0 helmet
Scrolls
 i - a scroll of enchant weapon {unknown}
 j - a scroll of identify
Potions
 a - a potion of mutation {unknown}
 d - a potion of might
 f - 2 potions of degeneration {unknown}
 k - a potion of flight {unknown}

Dungeon Overview and Level Annotations

Branches:
Dungeon (2/15)

Altars:

Annotations:
D:2 Sigmund


Message History

You barely miss something. You barely miss something.
Something hits you but does no damage.
You closely miss something. You block something's attack.
You closely miss something. Something hits you.
You miss something.
You hear some strange, mumbled words.
You are confused.
Something hits you.
Enter note:
Enter note:
Enter note:
Enter note:
Enter note:
Enter note:
Enter note:
Enter note:
Enter note: You miss something.
You hear some strange, mumbled words.
A puff of flame appears from out of thin air!
The puff of flame hits you.
An endoplasm comes into view.
Found 11 gold pieces.
The endoplasm quivers.
You hear some strange, mumbled words.
You are more confused.
Enter note:
Enter note:
Enter note:
Enter note:
Enter note:
Enter note:
Enter note:
Enter note:
Enter note: Something hits you.
You die...

########.# #####
......##.## .......%%.#
###### ..........#
#.....#
..........#######.......
........................
........................
...............{........
................@.......
......#...............J.
......##...............$
.................#.....#
......######.........###
......# ###########
#######


You could see an endoplasm.

Vanquished Creatures
  Natasha (twice) (D:2)
  Robin (D:2)
  3 gnolls (D:2)
  A dart slug (D:1)
  7 endoplasms
  14 goblins
  8 hobgoblins
  3 kobolds
  A quokka (D:2)
  3 ball pythons (D:1)
  8 bats
  3 frilled lizards
  A rat (D:1)
55 creatures vanquished.

Notes
Turn   | Place    | Note
-------+----------+-------------------------------------------
     0 | D:1      | qw the Gargoyle Fighter began the quest for the Orb.
     0 | D:1      | Reached XP level 1. HP: 14/14 MP: 1/1
     0 | D:1      | 0 ||| qw: Version: 0.2-a-99-gce666ed
     0 | D:1      | 0 ||| qw: Game counter: 140
     0 | D:1      | 0 ||| qw: Always use a shield: true
     0 | D:1      | 0 ||| qw: God list: Okawaru
     0 | D:1      | 0 ||| qw: Allow faded altars: false
     0 | D:1      | 0 ||| qw: Do Orc after D:15 true
     0 | D:1      | 0 ||| qw: Do second Lair branch before Depths: true
     0 | D:1      | 0 ||| qw: Lair rune preference: random
     0 | D:1      | 0 ||| qw: Plans: Normal, Zot:1-4, God:TSO, Crypt, Tomb,
                  | Pan, Slime:5, Hells, Abyss, Win
     0 | D:1      | 0 ||| PLANNING D:1-11
    74 | D:1      | Reached skill level 2 in Axes
   158 | D:1      | Reached XP level 2. HP: 14/19 MP: 2/2
   283 | D:1      | 283 ||| Stepping ~*~*~tactically~*~*~ (hiding).
   284 | D:1      | 284 ||| Stepping ~*~*~tactically~*~*~ (hiding).
   297 | D:1      | Reached skill level 3 in Axes
   367 | D:1      | Reached XP level 3. HP: 23/23 MP: 3/3
   563 | D:1      | 563 ||| DROPPING ring of magical power.
   564 | D:1      | 564 ||| READING scroll labelled OMUFFA YS SETZ.
   565 | D:1      | 565 ||| READING scroll labelled SOQEQA CISSE.
   566 | D:1      | 566 ||| READING 3 scrolls labelled VUXOC JUR.
   567 | D:1      | 567 ||| DRINKING 2 glowing grey potions.
   568 | D:1      | 568 ||| DROPPING 2 scrolls of amnesia.
   588 | D:2      | Noticed Natasha
   589 | D:2      | 589 ||| Stepping ~*~*~tactically~*~*~ (hiding).
   603 | D:2      | Killed Natasha
   632 | D:2      | 632 ||| FLEEEEING.
   633 | D:2      | 633 ||| STAIRDANCE
   667 | D:2      | 667 ||| Stepping ~*~*~tactically~*~*~ (hiding).
   668 | D:2      | 668 ||| Stepping ~*~*~tactically~*~*~ (hiding).
   678 | D:2      | Noticed Natasha
   687 | D:2      | Killed Natasha
   688 | D:2      | Reached skill level 4 in Axes
   688 | D:2      | Reached XP level 4. HP: 24/28 MP: 4/4
   732 | D:2      | Noticed Robin
   747 | D:2      | Killed Robin
   822 | D:2      | Reached XP level 5. HP: 32/32 MP: 5/5
   852 | D:2      | 852 ||| DROPPING +0 club.
   967 | D:2      | 967 ||| Stepping ~*~*~tactically~*~*~ (stealth).
  1124 | D:2      | Noticed Sigmund
  1125 | D:2      | 1125 ||| DRINKING potion of curing.
  1125 | D:2      | 1125 ||| (to cure confusion)
  1148 | D:2      | HP: 7/32 [something (6)]
  1154 | D:2      | Slain by Sigmund

Levels and vault maps discovered:
D:1:      dpeg_arrival_rooms_a, layout_rooms, supply_closet_lemuel
D:2:      layout_rooms, minmay_tetromino_s2, uniq_robin, uniq_natasha,
          uniq_sigmund

Skill      XL: |  1  2  3 |
---------------+----------+-----
Axes           | 2 3 4 |  4.9
Fighting       | |  3.2
Armour         | |  3.2
Shields        | |  3.2

Action                     |  1- 3 |  4- 6 || total
---------------------------+-------+-------++-------
  Melee: War axe           |    89 |    62 ||   151
  Throw: Boomerang         |     2 |    16 ||    18
    Use: Scroll            |     3 |       ||     3
         Potion            |     1 |     1 ||     2
 Armour: Scale mail        |    56 |    35 ||    91
  Dodge: Dodged            |    41 |    29 ||    70
  Block: Buckler           |    27 |    17 ||    44

Table legend:
 A = Non-vault XP
 B = Vault XP
 C = Vault XP percentage of total XP
 D = Non-vault monster count
 E = Vault monster count
 F = Vault count percentage of total count
                 A         B        C        D         E       F
            +---------+---------+-------+---------+---------+-------
      Total |     143 |      74 |  34.1 |      40 |      15 |  27.3
            +---------+---------+-------+---------+---------+-------
        D:1 |      39 |       0 |   0.0 |      23 |       0 |   0.0
        D:2 |     104 |      74 |  41.6 |      17 |      15 |  46.9
            +---------+---------+-------+---------+---------+-------
